 Dungeon Crawl Stone Soup version 0.17-a0-1927-g319369b (webtiles) character file.

16 Ordine the Digger (level 2, 0/15 HPs)
             Began as a Gargoyle Earth Elementalist on Sept 29, 2015.
             Slain by a gnoll
             ... wielding a +0 mace
              (5 damage)
             ... on level 1 of the Dungeon.
             The game lasted 00:02:44 (569 turns).

Ordine the Digger (Gargoyle Earth Elementalist)      Turns: 569, Time: 00:02:44

Health: 0/15       AC:  4    Str: 11    XL:     2   Next: 58%
Magic:  0/5        EV: 12    Int: 15    God:
Gold:   8          SH:  0    Dex: 10    Spells: 2 memorised, 3 levels left

rFire  . . .     SeeInvis .     g - +0 whip
rCold  . . .     Clarity  .     b - +0 robe
rNeg   + . .     SustAt   +     (no shield)
rPois  ∞         Gourm    .     (no helmet)
rElec  +         Spirit   .     (no cloak)
rCorr  .         Warding  .     (no gloves)
rMut   .         Stasis   .     (no boots)
MR     .....                    (no amulet)
Stlth  ++........               (no ring)
                                j - ring of sustain attributes

@: very slightly contaminated, not resistant to hostile enchantments, unstealthy
A: negative energy resistance 1, electricity resistance, unbreathing,
petrification resistance, rot immunity, AC +2
a: no special abilities


You were on level 1 of the Dungeon.
You were not hungry.

You visited 1 branch of the dungeon, and saw 1 of its levels.

You collected 8 gold pieces.

Inventory:

Hand weapons
 f - a +0 dagger
 g - a +0 whip (weapon)
Missiles
 a - 28 stones (quivered)
Armour
 b - a +0 robe (worn)
Jewellery
 i - an uncursed ring of teleportation
 j - a ring of sustain attributes (left hand)
Potions
 e - a potion of resistance {unknown}
Books
 c - a book of Geomancy

   Spells                             Type                      Level
   a - Sandblast                      Earth                        1
   b - Stoneskin                      Transmutation/Earth          2
   c - Passwall                       Transmutation/Earth          3
   d - Stone Arrow                    Conjuration/Earth            3
   e - Petrify                        Transmutation/Earth          4
   f - Lee's Rapid Deconstruction     Earth                        5
Comestibles
 d - 2 bread rations
 h - 4 chunks of flesh


   Skills:
 - Level 1.5 Dodging
 - Level 2.1 Stealth
 * Level 2.7 Spellcasting
 - Level 0.7 Transmutations
 + Level 3.9 Earth Magic


You had 3 spell levels left.
You knew the following spells:

 Your Spells              Type           Power        Failure   Level  Hunger
a - Sandblast             Erth           ##....       4%          1    #......
b - Stoneskin             Trmt/Erth      #.......     14%         2    ##.....


Dungeon Overview and Level Annotations

Branches:
Dungeon (1/15)

Altars:


Innate Abilities, Weirdness & Mutations

You are resistant to torment.
Your stone body is resilient (AC +2).
You are immune to poison.
You resist negative energy.
You are resistant to electric shocks.
You can survive without breathing.
You are immune to petrification.
You are immune to rotting.


Message History

Confirm with . or Enter, or press ? or * to list all spells.
Aiming: Sandblast
Press: ? - help, Shift-Dir - straight line, f/p - gnoll
Aim: a gnoll, wielding a mace (moderately wounded)
The blast of sand hits the gnoll.
The gnoll is severely wounded.
The bat barely misses you. The gnoll hits you with a mace!
Ouch! That really hurt!
Casting: Sandblast
Confirm with . or Enter, or press ? or * to list all spells.
Aiming: Sandblast
Press: ? - help, Shift-Dir - straight line, f/p - gnoll
Aim: a gnoll, wielding a mace (severely wounded)
The blast of sand hits the gnoll.
The gnoll is severely wounded.
The bat completely misses you.
You closely miss the gnoll.
The gnoll is severely wounded.
The gnoll hits you with a mace.
You die...

#########.#..........
..........#.#..###....
........# #.#..###....
#######.###.#.........
# #.....##.#####.. #
########.#### # #.#..
# #.#g# # #.#@#### #
#.#.b..# #
#..#.###..... # #.#.##
.... # #.#. ...
####### # ## ##
......# #####.# # #.#


You could see a gnoll and a bat.

Vanquished Creatures
  2 oozes (D:1)
  3 kobolds (D:1)
  3 goblins (D:1)
  2 rats (D:1)
10 creatures vanquished.

Notes
Turn   | Place    | Note
--------------------------------------------------------------
     0 | D:1      | Ordine the Gargoyle Earth Elementalist began the quest for the Orb.
     0 | D:1      | Reached XP level 1. HP: 10/10 MP: 3/3
   165 | D:1      | Reached XP level 2. HP: 4/15 MP: 0/5
   360 | D:1      | Learned a level 2 spell: Stoneskin
   569 | D:1      | Slain by a gnoll

Vault maps used:
D:1:      minmay_arrival_loop, hangedman_decor_clover_reticule,
          okawaru_ov_weapons_minmay

Action                   || total
-------------------------++-------
Melee: Unarmed           ||    12
       Whip              ||    15
 Cast: Sandblast         ||    14
  Use: Scroll            ||     1
